 Dungeon Crawl Stone Soup version 0.16.0-17-g811c1d7 (webtiles) character file.

712069 Zapata the Intangible (level 27, -4/194 HPs)
             Began as a Kobold Berserker on Mar 20, 2015.
             Was the Champion of the Shining One.
             Succumbed to a green draconian's poison gas
             ... on level 5 of the Abyss.
             The game lasted 04:30:37 (92716 turns).

Zapata the Intangible (Kobold Berserker)           Turns: 92716, Time: 04:30:37

Health: -4/194     AC: 55    Str: 17      XL:     27
Magic:  37/37      EV: 25    Int:  1 (7)  God:    the Shining One [******]
Gold:   7765       SH: 12    Dex: 30      Spells: 0 memorised, 26 levels left

rFire  + + .     SeeInvis .     a - +9 sacred scourge (holy)
rCold  + + .     Clarity  .     G - +11 crystal plate armour of Aghop {rElec Dex+3}
rNeg   + + +     SustAb   .     Q - +3 buckler {rC+}
rPois  .         Gourm    .     T - +2 helmet of Quantum Leap {+Blink rF+ rN+ rCorr Dex-3}
rElec  +         Spirit   .     I - +2 cloak {+Inv}
rCorr  +         Warding  .     Y - +2 pair of gloves {Dex+3}
rMut   +         Stasis   .     S - +2 pair of boots {Fly}
MR     ++...                    r - amulet of resist mutation
Stlth  ++........               h - ring "Trusted Companion" {rF+ rN+ Stlth+}
                                t - ring of protection from cold

@: lethally poisoned (-4 -> -54), flying, lost intelligence, glowing, very slow,
very resistant to hostile enchantments, unstealthy
A: carnivore 3, clever 1, electricity resistance
a: Divine Shield, Cleansing Flame, Summon Divine Warrior, Renounce Religion,
Evoke Blink, Evoke Invisibility, Stop Flying
}: 4/15 runes: decaying, serpentine, slimy, silver


You were on level 5 of the Abyss.
You worshipped the Shining One.
The Shining One was exalted by your worship.
You were not hungry.

You visited 11 branches of the dungeon, and saw 60 of its levels.
You visited the Abyss 4 times.
You visited 1 bazaar.
You also visited: Trove, Ossuary, Ice Cave and Wizlab.

You collected 12288 gold pieces.
You spent 4523 gold pieces at shops.

Inventory:

Hand weapons
 a - a +9 sacred scourge of holy wrath (weapon)
 b - a +6 hand crossbow of velocity
Missiles
 u - 15 bolts of frost
 C - 56 steel bolts
 E - 45 bolts of penetration
 W - 124 silver bolts
Armour
 o - the cursed -2 ring mail of the Lair of Beasts {Str+4, unknown}
   (You found it on level 2 of the Abyss)

   It affects your strength (+4).
   It has a curse placed upon it.
 z - the cursed -1 robe of the Cockatrice {rPois, unknown}
   (You found it on level 5 of the Abyss)

   It protects you from poison.
   It has a curse placed upon it.
 G - the +11 crystal plate armour of Aghop (worn) {rElec Dex+3}
   (You acquired it on level 5 of the Lair of Beasts)

   It affects your dexterity (+3).
   It insulates you from electricity.
 I - a +2 cloak of invisibility (worn)
 Q - a +3 buckler of cold resistance (worn)
 S - a +2 pair of boots of flying (worn)
 T - the +2 helmet of Quantum Leap (worn) {+Blink rF+ rN+ rCorr Dex-3}
   (You bought it in a shop on level 5 of the Vaults)

   It affects your dexterity (-3).
   It protects you from fire.
   It protects you from negative energy.
   It lets you blink.
   It protects you from acid and corrosion.
 Y - a +2 pair of gloves of dexterity (worn)
Jewellery
 h - the ring "Trusted Companion" (right hand) {rF+ rN+ Stlth+}
   (You found it on level 5 of the Vaults)

   [ring of stealth]

   It protects you from fire.
   It protects you from negative energy.
   It makes you more stealthy.
 r - an amulet of resist mutation (around neck)
 t - a ring of protection from cold (left hand)
 v - the amulet "Goruxtin" {Clar rPois rF+ SInv}
   (You acquired it on level 4 of the Lair of Beasts)

   [amulet of clarity]

   It provides mental clarity.
   It protects you from fire.
   It protects you from poison.
   It enhances your eyesight.
 x - an uncursed ring of wizardry {unknown}
Magical devices
 N - a wand of digging (11)
Scrolls
 f - a scroll of summoning
 g - a scroll of immolation
 i - 14 scrolls of teleportation
 j - 2 scrolls of blinking
 k - 18 scrolls of recharging
 m - 2 scrolls of holy word
 p - 24 scrolls of identify
 q - 8 scrolls of magic mapping
 s - 2 scrolls of silence
 y - a scroll of acquirement
 M - 3 scrolls of fog
 O - 18 scrolls of remove curse
 R - 13 scrolls of fear
Potions
 d - 2 potions of beneficial mutation
 e - 3 potions of cancellation
 l - 13 potions of curing
 n - 7 potions of berserk rage
 w - 12 potions of might
 D - 8 potions of haste
 F - 2 potions of heal wounds
 K - 5 potions of resistance
 P - 5 potions of agility
 U - 6 potions of restore abilities
 V - 3 potions of magic
Comestibles
 c - 18 meat rations
 J - 17 beef jerkies


   Skills:
 + Level 25.6 Fighting
 - Level 16.0 Maces & Flails
 - Level 14.5 Crossbows
 * Level 22.4 Armour
 O Level 27 Dodging
 - Level 20.2 Stealth
 - Level 7.0 Shields
 - Level 12.2 Invocations
 - Level 10.3 Evocations


You had 26 spell levels left.
You didn't know any spells.

Dungeon Overview and Level Annotations

Branches:
Dungeon (15/15)            Temple (1/1) D:5            Lair (8/8) D:10
  Swamp (5/5) Lair:5        Snake (5/5) Lair:5        Slime (6/6) Lair:6
    Orc (4/4) D:12            Elf (3/3) Orc:4        Vaults (5/5) D:14
  Crypt (3/3) Vaults:3       Tomb (0/3) Crypt:3      Depths (5/5) D:15
    Zot (0/5) Depths:5

Altars:
Ashenzari
Cheibriados
Dithmenos
Elyvilon
Fedhas
Gozag
Kikubaaqudgha
Makhleb
Nemelex Xobeh
Okawaru
Qazlal
Ru
Sif Muna
Trog
Vehumet
Xom
Yredelemnul
Zin
The Shining One
Beogh
Jiyva

Shops:
D:3 *   D:9 [   D:10 [   D:11 [   Orc:1 *   Orc:4 [!=[   Snake:2 =   Snake:4 (
Vaults:1 }   Vaults:5 %[   Depths:2 **(:

Portals:
Hell: Depths:1 Depths:2 Depths:3 Depths:4 Depths:5
Abyss: Depths:2 Depths:3 Depths:4
Pandemonium: Depths:3
Ziggurat: Depths:2

Annotations:
D:8 Dowan


Innate Abilities, Weirdness & Mutations

You are small and have problems with some larger weapons.
You are carnivorous and can eat meat at any time.
Your mind is acute. (Int +2)
You are resistant to electric shocks.


Message History

You are more poisoned.
* * * LOW HITPOINT WARNING * * *
x2 You feel very sick.
The green draconian breathes poison at you.
The blast of poison misses you.
Huge Dmg: -9%(-17hp) hp: 7%(13hp) Drink which item? (? for menu, Esc to quit)
You feel much better.
You are engulfed in poison gas.
You are lethally poisoned!
* * * LOW HITPOINT WARNING * * *
x2 You feel extremely sick.
The green draconian hits you but does no damage.
Huge Dmg: -2%(-5hp) hp: 5%(8hp) Read which item? (? for menu, Esc to quit)
Okay, then.
Drink which item? (? for menu, Esc to quit)
You feel much better.
You are engulfed in poison gas.
You are more poisoned.
* * * LOW HITPOINT WARNING * * *
You die...

. #...# #....≈≈≈
≈≈.≈#. ≈≈≈ ≈≈ .
≈. ≈≈≈≈ .≈≈ .
.### # .. ...
...##.##.....
... ##.... ....#
..# . ..#.
....#§...#.#
#...# .#..
..#.§##.. .
.###.# .#
#§§.#.# . ..
#####.#####@...#
... . .
##..§§X##..#
#.#. .##...#.d#
.# ....
..#..§X..# .. #
########.### .#
## #.....X§. .#
#.######X# #X#


XX# You could see 2 starcursed masses and a green draconian.

Vanquished Creatures
  the royal jelly (Slime:6)
  Dissolution (Slime:4)
  2 ancient liches
  Sojobo (Depths:4)
  the Lernaean hydra (Swamp:5)
  Saint Roka (Depths:1)
  Mara (Swamp:4)
  Jory (Crypt:1)
  A golden dragon (Depths:3)
  2 profane servitors
  the Enchantress (Depths:1)
  13 bone dragons
  A hellephant (Abyss:1)
  Nikola (Vaults:1)
  A tentacled monstrosity (Vaults:5)
  13 liches
  3 titans
  3 deep elf blademasters
  Asterion (Elf:2)
  17 acid blobs
  40 tentacled starspawn
  3 sphinxes
  4 Executioners
  An ancient champion (Crypt:1)
  3 thorn hunters
  Agnes (Swamp:1)
  2 octopode crushers (Depths:3)
  9 storm dragons
  An azure jelly (shapeshifter) (Abyss:2)
  A spectral weapon (Elf:2)
  8 shadow dragons
  A daeva (Abyss:1)
  10 tengu reavers
  2 revenants (Crypt:1)
  6 azure jellies
  Donald (Swamp:4)
  9 fire giants
  Wiglaf (Crypt:1)
  12 frost giants
  24 vault wardens
  8 greater nagas
  A draconian scorcher (Abyss:1)
  4 balrugs
  An orc warlord (Depths:2)
  2 curse skulls (Crypt:1)
  An emperor scorpion (Depths:3)
  5 deep elf sorcerers
  A cacodemon (Abyss:1)
  4 spriggan defenders
  2 reapers
  21 ironheart preservers
  2 angels
  Jorgrun (Crypt:1)
  4 ghouls (Crypt:1)
  32 stone giants
  A corrupter (Abyss:5)
  An ophan (Abyss:1)
  16 very ugly things
  9 war gargoyles
  8 deep elf demonologists
  A salamander firebrand (Depths:5)
  A lorocyproca (Abyss:1)
  3 vampire knights
  A draconian caller (Depths:5)
  A green draconian (Depths:5)
  A pale draconian (Depths:5)
  7 dire elephants
  A grey draconian (Depths:5)
  5 deep elf annihilators
  A black draconian (Abyss:1)
  2 yellow draconians
  2 blizzard demons
  9 deep elf death magi
  10 purple draconians (WizLab)
  7 eidola
  Snorg (Elf:3)
  3 crystal guardians
  4 green deaths
  4 jiangshi
  12 ettins
  2 pearl dragon zombies (Depths:1)
  8 death oozes (Slime:6)
  17 yaktaur captains
  11 fire dragons
  34 vault guards
  130 starcursed masses
  5 minotaurs
  A quicksilver dragon zombie (Abyss:1)
  4 deep elf high priests
  Josephine (D:13)
  2 great orbs of eyes (shapeshifter) (Vaults:4)
  24 hydras
  Fannar (D:13)
  Harold (D:13)
  13 ogre magi
  12 rakshasas
  17 naga warriors
  17 great orbs of eyes
  10 anacondas
  Nessos (Snake:2)
  8 statues (WizLab)
  10 ice dragons
  Erica (Lair:2)
  An anaconda (shapeshifter) (Vaults:3)
  15 dancing weapons
  4 deep troll earth magi
  6 catoblepae
  2 ghost crabs
  10 alligators
  3 spriggan air magi
  5 death knights
  5 deep troll shamans
  6 centaur warriors
  4 vampire magi
  9 hell hogs
  15 naga sharpshooters
  44 thrashing horrors
  6 spriggan berserkers
  3 tengu warriors
  31 death yaks
  4 shock serpents
  Urug (D:12)
  2 titan zombies
  9 sun demons
  9 shadow wraiths
  2 orc high priests
  24 deep elf knights
  26 deep trolls
  21 skeletal warriors
  An unseen horror (shapeshifter) (Abyss:2)
  11 spriggans
  15 hell knights
  3 giant orange brains
  29 wretched stars
  A sea snake (Snake:2)
  4 iron trolls
  5 ice devils
  6 wizards
  6 salamander mystics
  13 spatial maelstroms
  4 unseen horrors
  A fire crab (Vaults:5)
  A golden dragon zombie (Abyss:1)
  A hell beast (Depths:3)
  9 swamp dragons
  6 naga ritualists
  14 ironbrand convokers
  2 shambling mangroves
  7 flayed ghosts
  A deep troll (shapeshifter) (Vaults:5)
  2 ice statues (IceCv)
  2 lindwurms (Lair:6)
  2 spriggan druids
  11 orc knights
  11 deep elf summoners
  2 shadow dragon zombies
  An oklob plant (Lair:5)
  A tengu zombie (Vaults:3)
  3 stone giant zombies
  19 hill giants
  9 deep elf conjurers
  19 necromancers
  A fire giant zombie (Abyss:2)
  An iron dragon zombie (Crypt:3)
  4 manticores
  9 salamanders
  A water nymph (shapeshifter) (Vaults:4)
  6 griffons
  A salamander (shapeshifter) (Abyss:1)
  7 phantasmal warriors
  3 tengu skeletons
  A moth of wrath (shapeshifter) (Abyss:5)
  4 wolf spiders
  35 ugly things
  A shadow dragon skeleton (Abyss:5)
  7 mana vipers
  A sphinx skeleton (Crypt:2)
  9 cyclopes
  A draconian (shapeshifter) (Vaults:2)
  8 orc sorcerers
  4 shining eyes
  9 sixfirhies
  7 guardian serpents
  15 worldbinders
  The ghost of Yermak the Skirmisher, an experienced DDAM of Makhleb (D:7)
  A shock serpent zombie (Crypt:3)
  13 elephants
  5 hornets
  A stone giant skeleton (Vaults:2)
  18 spiny frogs
  4 apis skeletons (Depths:1)
  A fire giant skeleton (Crypt:1)
  A dire elephant zombie (Depths:4)
  3 eyes of devastation
  A black mamba (shapeshifter) (Vaults:4)
  A rust devil (Depths:3)
  A titan simulacrum (Crypt:1)
  3 molten gargoyles (Depths:4)
  A torpor snail (Depths:5)
  8 apocalypse crabs
  31 black mambas
  18 vault sentinels
  72 yaktaurs
  23 smoke demons
  A hellion (Abyss:2)
  2 centaur skeletons
  A gargoyle (D:15)
  4 orange demons
  A spiny frog (shapeshifter) (Vaults:2)
  Psyche (D:13)
  6 kobold demonologists
  27 naga magi
  4 yaktaur zombies
  5 demonic crawlers
  2 emperor scorpion zombies (Crypt:3)
  5 efreet
  A tormentor (Abyss:1)
  10 trolls
  2 hellwings (Abyss:1)
  12 komodo dragons
  2 human skeletons
  A harpy zombie (Crypt:3)
  A catoblepas skeleton (Crypt:2)
  8 fire drakes
  14 red devils
  2 trolls (shapeshifter)
  2 ghoul skeletons (Crypt:1)
  11 freezing wraiths
  An elf skeleton (Depths:3)
  39 ancient zymes
  18 deep elf priests
  4 wind drakes
  6 blue devils
  A hydra zombie (Crypt:3)
  A fire vortex (Depths:4)
  10 giant leeches
  5 polar bears
  A silent spectre (Abyss:2)
  70 raiju
  15 ravens
  2 tengu conjurers
  Prince Ribbit (D:6)
  2 jumping spiders (shapeshifter)
  A queen bee (shapeshifter) (Depths:3)
  13 blink frogs
  8 baby alligators
  34 two-headed ogres
  4 deep troll zombies (Depths:1)
  135 slime creatures
  22 bog bodies
  7 air elementals (Depths:4)
  An ice dragon zombie (Abyss:1)
  An alligator zombie (Abyss:4)
  6 boulder beetles
  2 ettin zombies (Vaults:2)
  A hydra skeleton (Crypt:1)
  A spriggan (shapeshifter) (D:15)
  3 ravens (shapeshifter)
  A fire dragon zombie (Abyss:1)
  A blink frog (shapeshifter) (Vaults:4)
  49 flying skulls
  21 ynoxinuls
  61 yaks
  A yak (shapeshifter) (Abyss:1)
  A stone giant simulacrum (Vaults:2)
  A spriggan simulacrum (Depths:3)
  A griffon skeleton (Crypt:1)
  A wind drake zombie (Crypt:2)
  A redback (Elf:3)
  8 shadows
  21 wraiths
  A redback (shapeshifter) (Vaults:5)
  10 wandering mushrooms
  12 water elementals
  6 basilisks
  A black mamba zombie (Abyss:2)
  6 fire bats (Abyss:1)
  10 vampires
  A fire dragon skeleton (Crypt:3)
  A queen ant zombie (Crypt:1)
  8 fire elementals
  20 humans
  49 deep elf magi
  10 golden eyes
  88 large abominations
  10 wyverns
  2 hippogriffs (shapeshifter)
  A hog (shapeshifter) (Vaults:1)
  33 deep elf fighters
  70 vampire mosquitoes
  15 hippogriffs
  16 chaos spawn
  30 swamp worms
  32 spatial vortices
  6 hungry ghosts
  21 hell hounds
  3 wargs
  50 nagas
  A steam dragon (Depths:5)
  8 insubstantial wisps
  28 neqoxecs
  Edmund (D:8)
  A spiny frog zombie (Crypt:3)
  A deep troll skeleton (Vaults:3)
  15 swamp drakes
  50 water moccasins
  12 wasps
  38 wolves
  An eye of draining (shapeshifter) (Vaults:1)
  A merfolk skeleton (Abyss:4)
  5 porcupines
  5 sky beasts
  8 spiders (Depths:2)
  An anubis guard zombie (Crypt:1)
  11 black bears
  3 necrophages (Crypt:3)
  A fire dragon simulacrum (Abyss:2)
  4 boggarts
  48 orc warriors
  14 eyes of draining
  76 small abominations
  69 ogres
  A vampire mosquito zombie (Vaults:3)
  2 phantoms
  13 ice beasts
  25 crocodiles
  A boring beetle (shapeshifter) (Depths:3)
  A lindwurm zombie (Crypt:1)
  A snapping turtle zombie (Crypt:3)
  2 boring beetles
  3 ettin simulacra
  Duvessa (D:8)
  21 centaurs
  A fire drake skeleton (Crypt:2)
  A gnoll sergeant (D:8)
  5 brain worms
  9 big kobolds
  Blork the orc (D:6)
  20 giant frogs
  A spider zombie (Crypt:2)
  2 elf zombies (Ossuary)
  A glowing shapeshifter simulacrum (Vaults:2)
  4 earth elementals
  A wyvern zombie (D:10)
  A water moccasin zombie (D:9)
  A spriggan zombie (Depths:4)
  A water moccasin skeleton (Crypt:1)
  2 oklob saplings (D:9)
  10 wights
  20 killer bees
  3 scorpions
  8 electric eels
  2 centaur zombies
  2 goliath beetles
  A wolf skeleton (Crypt:2)
  A basilisk zombie (Crypt:2)
  2 lava snakes
  15 quasits
  A giant frog zombie (D:10)
  11 hounds
  44 orc priests
  A soldier ant zombie (Crypt:1)
  11 crimson imps
  10 human zombies
  13 iron imps
  22 jellies
  A bog body skeleton (Crypt:1)
  32 orc wizards
  9 worker ants
  21 iguanas
  A porcupine zombie (Crypt:1)
  2 hell rats
  Jessica (D:9)
  5 big kobold zombies (Ossuary)
  24 sheep
  A hound zombie (D:9)
  A hound skeleton (D:10)
  2 mummies (Ossuary)
  A scorpion zombie (Crypt:2)
  2 worker ant zombies
  10 gnolls
  75 river rats
  40 adders
  7 shadow imps
  14 white imps
  55 ufetubi
  6 worms
  An adder zombie (D:9)
  An adder skeleton (D:9)
  10 giant geckos
  2 oozes (Abyss:1)
  185 orcs
  2 bat skeletons (D:4)
  24 hobgoblins
  9 jackals
  34 kobolds
  17 quokkas
  3 ball pythons
  12 bats
  4 giant cockroaches
  A giant gecko skeleton (D:4)
  15 giant newts
  2 giant spores
  3 gnoll zombies (Ossuary)
  20 goblins
  3 goblin zombies (Ossuary)
  A hobgoblin zombie (Ossuary)
  A kobold skeleton (Crypt:3)
  3 lurking horrors
  2 orc zombies (Vaults:3)
  A quokka skeleton (Crypt:2)
  21 rats
  3 ballistomycetes
  A bush (Lair:5)
  2 butterflies (D:5)
  A crawling corpse (Elf:3)
  A fungus (Lair:2)
  A plant (Lair:8)
  33 starspawn tentacles
4216 creatures vanquished.

Vanquished Creatures (collateral kills)
  2 liches (Crypt:3)
  2 acid blobs (Slime:6)
  2 deep elf master archers (Elf:3)
  A sphinx (Vaults:5)
  A deep elf sorcerer (Elf:3)
  4 greater nagas
  Aizul (Snake:4)
  A deep elf annihilator (Elf:3)
  A vampire knight (Crypt:3)
  A deep elf demonologist (Elf:3)
  A purple draconian (WizLab)
  A death ooze (Slime:6)
  A crystal guardian (Crypt:3)
  3 deep elf death magi (Elf:3)
  A statue (WizLab)
  An anaconda (Snake:4)
  5 dancing weapons
  A naga sharpshooter (Snake:5)
  2 hell knights (Crypt:3)
  A deep elf knight (Vaults:5)
  4 skeletal warriors (Crypt:3)
  A necromancer (Crypt:3)
  2 shining eyes
  An eye of devastation (Slime:6)
  2 naga magi (Snake:5)
  A hellwing (Elf:3)
  Sonja (D:10)
  6 slime creatures
  A deep elf mage (Vaults:5)
  A deep elf fighter (Elf:2)
  A necrophage (Crypt:3)
  2 ogres
  7 wights
  4 starcursed masses (Abyss:1)
  A centaur skeleton (Crypt:3)
  2 jellies (Slime:3)
  A worm (D:6)
  A giant cockroach (D:6)
  A rat (D:6)
  A ballistomycete (D:6)
  A crawling corpse (Elf:3)
75 creatures vanquished.

Vanquished Creatures (others)
  4 daevas
  2 angels (Crypt:3)
  An ogre mage (Vaults:3)
  A thrashing horror (Abyss:5)
  A deep troll (Vaults:2)
  A hill giant (D:14)
  A necromancer (Abyss:2)
  A worldbinder (Abyss:2)
  A spiny frog (Swamp:2)
  A demonic crawler (Abyss:1)
  A red devil (Abyss:5)
  An ancient zyme (Abyss:1)
  A komodo dragon (Depths:5)
  A silent spectre (Abyss:5)
  2 fire vortices
  3 two-headed ogres
  A deep elf mage (WizLab)
  A spriggan (Swamp:5)
  An air elemental (Depths:4)
  A wyvern (D:14)
  2 nagas
  4 spatial vortices (Abyss:2)
  2 ogres
  A small abomination (Abyss:5)
  A centaur (Vaults:2)
  12 lost souls
  An iguana (D:11)
  A sheep (Lair:6)
  A shadow imp (Abyss:5)
  2 white imps (IceCv)
  5 ufetubi
  An orc (Depths:1)
  A giant gecko (D:11)
  2 lurking horrors
  13 fungi
  7 plants (Depths:3)
  86 starspawn tentacles
  1217 starspawn tentacle segments
1386 creatures vanquished.

Grand Total: 5677 creatures vanquished

Notes
Turn   | Place    | Note
--------------------------------------------------------------
     0 | D:1      | Zapata, the Kobold Berserker, began the quest for the Orb.
     0 | D:1      | Reached XP level 1. HP: 14/14 MP: 1/1
   132 | D:1      | Reached XP level 2. HP: 19/19 MP: 2/2
   414 | D:1      | Reached skill level 4 in Maces & Flails
   414 | D:1      | Reached XP level 3. HP: 23/23 MP: 3/3
   505 | D:1      | Acquired Trog's second power
   769 | D:2      | Reached XP level 4. HP: 19/28 MP: 4/4
   900 | D:2      | Reached skill level 5 in Maces & Flails
  1266 | D:2      | Reached XP level 5. HP: 32/32 MP: 5/5
  1686 | D:2      | Found a blossoming altar of Fedhas.
  2218 | D:3      | Found an iron altar of Okawaru.
  2248 | D:3      | Reached skill level 6 in Maces & Flails
  2578 | D:3      | Acquired Trog's third power
  2578 | D:3      | Reached XP level 6. HP: 34/37 MP: 6/6
  2626 | D:3      | Found an opulent altar of Gozag.
  2771 | D:3      | Found Zin's Purification Station.
  2774 | D:3      | Found a glowing silver altar of Zin.
  3156 | D:4      | Reached skill level 7 in Maces & Flails
  3159 | D:4      | Reached XP level 7. HP: 41/41 MP: 7/7
  3864 | D:5      | Entered Level 5 of the Dungeon
  3870 | D:5      | Reached skill level 8 in Maces & Flails
  4043 | D:5      | Found a staircase to the Ecumenical Temple.
  4642 | D:6      | Noticed Blork the orc
  4656 | D:6      | Killed Blork the orc
  4656 | D:6      | Reached skill level 9 in Maces & Flails
  4656 | D:6      | Reached XP level 8. HP: 46/46 MP: 8/8
  5292 | D:6      | Reached skill level 10 in Maces & Flails
  5532 | D:6      | Reached XP level 9. HP: 16/51 MP: 9/9
  5652 | D:6      | Reached skill level 11 in Maces & Flails
  5855 | D:6      | Found a bloodstained altar of Trog.
  5947 | D:6      | Found an iron altar of Okawaru.
  5949 | D:6      | Noticed Prince Ribbit
  5966 | D:6      | Killed Prince Ribbit
  6379 | D:7      | Noticed Yermak's ghost (experienced DDAM)
  6390 | D:7      | Killed Yermak's ghost
  6390 | D:7      | Reached skill level 12 in Maces & Flails
  6452 | D:7      | Found a sand-covered staircase.
  6477 | Ossuary  | Entered an ossuary
  7212 | D:7      | Found a stormy altar of Qazlal.
  7212 | D:7      | Found a shattered altar of Ashenzari.
  7213 | D:7      | Found a sacrificial altar of Ru.
  7217 | D:7      | Found a white marble altar of Elyvilon.
  7668 | D:8      | Noticed Duvessa
  7677 | D:8      | Killed Duvessa
  7677 | D:8      | Reached XP level 10. HP: 56/56 MP: 10/10
  7678 | D:8      | Reached skill level 13 in Maces & Flails
  7685 | D:8      | Noticed Dowan
  7944 | D:8      | Noticed Edmund
  7955 | D:8      | Killed Edmund
  8278 | D:8      | Reached skill level 14 in Maces & Flails
  8435 | D:8      | You fall through a shaft for 2 floors!
  8435 | D:10     | Entered Level 10 of the Dungeon
  8475 | D:10     | Noticed Sonja
  8504 | D:10     | Killed Sonja
  8724 | D:10     | Found a staircase to the Lair.
  8834 | D:10     | Reached skill level 5 in Fighting
  8837 | D:10     | Reached skill level 5 in Dodging
  8845 | D:10     | Reached XP level 11. HP: 28/64 MP: 11/11
  9764 | D:9      | Found Qurekan's Antique Armour Shop.
  9784 | D:9      | Received a gift from Trog
  9790 | D:9      | Bought a bloodstained scale mail for 306 gold pieces
  9809 | D:9      | Identified the cursed -2 scale mail of Freedom {+Inv rF++ MP-9 Int-3} (You bought it in a shop on level 9 of the Dungeon)
  9824 | D:9      | Bought a shiny ring mail for 136 gold pieces
 10279 | D:9      | Noticed Jessica
 10288 | D:9      | Killed Jessica
 10453 | D:9      | Found a deep blue altar of Sif Muna.
 10788 | D:9      | Found a blossoming altar of Fedhas.
 11395 | D:9      | Found a basalt altar of Yredelemnul.
 11395 | D:9      | Found a snail-covered altar of Cheibriados.
 11565 | D:10     | Found Quosyng's Antique Armour Emporium.
 11574 | D:10     | Bought a glowing helmet for 148 gold pieces
 12036 | D:11     | Received a gift from Trog
 12088 | Lair:1   | Entered Level 1 of the Lair of Beasts
 12405 | D:10     | Bought a glowing ring mail for 132 gold pieces
 12415 | D:10     | Bought a glowing ring mail for 132 gold pieces
 12986 | Lair:1   | Reached skill level 5 in Armour
 13432 | Lair:2   | Reached skill level 1 in Stealth
 13457 | Lair:2   | Reached XP level 12. HP: 72/72 MP: 12/12
 13582 | Lair:2   | Received a gift from Trog
 13786 | Lair:2   | Noticed Erica
 13788 | Lair:2   | Noticed an eight-headed hydra
 13793 | Lair:2   | Killed Erica
 13799 | Lair:2   | Killed an eight-headed hydra
 13799 | Lair:2   | Reached skill level 5 in Stealth
 14195 | Lair:3   | Found a frozen archway.
 14206 | Lair:3   | Reached skill level 1 in Crossbows
 14212 | Lair:3   | Received a gift from Trog
 14315 | IceCv    | Entered an ice cave
 14804 | Lair:3   | Reached skill level 10 in Dodging
 15104 | Lair:3   | Reached skill level 5 in Crossbows
 15111 | Lair:3   | Reached XP level 13. HP: 79/81 MP: 13/13
 16148 | Lair:4   | Reached skill level 10 in Fighting
 16149 | Lair:4   | Received a gift from Trog
 16609 | Lair:4   | Received a gift from Trog
 16774 | Lair:4   | Identified a scroll of acquirement
 16779 | Lair:4   | Got a coiled diamond amulet
 16780 | Lair:4   | Identified the amulet "Goruxtin" {Clar rPois rF+ SInv} (You acquired it on level 4 of the Lair of Beasts)
 16900 | Lair:5   | Found a staircase to the Snake Pit.
 16910 | Lair:5   | Found a staircase to the Swamp.
 17126 | Lair:5   | Received a gift from Trog
 17269 | Lair:5   | Got a bloodstained crystal plate armour
 17280 | Lair:5   | Identified the +11 crystal plate armour of Aghop {rElec Dex+3} (You acquired it on level 5 of the Lair of Beasts)
 17681 | Lair:6   | Received a gift from Trog
 17740 | Lair:6   | Reached XP level 14. HP: 90/90 MP: 14/14
 17784 | Lair:6   | Received a gift from Trog
 17966 | Lair:6   | Found a blossoming altar of Fedhas.
 18332 | Lair:6   | Found a staircase to the Slime Pits.
 19235 | Lair:7   | Received a gift from Trog
 19499 | Lair:7   | Received a gift from Trog
 19584 | Lair:8   | Entered Level 8 of the Lair of Beasts
 19984 | Lair:8   | Received a gift from Trog
 20632 | Lair:8   | Reached XP level 15. HP: 100/100 MP: 15/15
 20643 | Lair:8   | Reached skill level 15 in Dodging
 21468 | Lair:6   | Received a gift from Trog
 21824 | D:11     | Noticed a five-headed hydra
 21828 | D:11     | Killed a five-headed hydra
 21866 | D:11     | Identified Ihi Qimeph's Disquisition on Toxins
 21946 | D:11     | Received a gift from Trog
 22106 | D:11     | Noticed a hill giant
 22117 | D:11     | Killed a hill giant
 22551 | D:11     | Received a gift from Trog
 22673 | D:11     | Found Toblier's Antique Armour Shoppe.
 23068 | D:12     | Found a staircase to the Orcish Mines.
 23238 | D:12     | Noticed Urug
 23251 | D:12     | Killed Urug
 23310 | D:12     | Reached skill level 15 in Fighting
 23558 | D:12     | Received a gift from Trog
 23790 | Orc:1    | Entered Level 1 of the Orcish Mines
 23918 | Orc:1    | Found Pyuph's General Store.
 24531 | Orc:2    | Received a gift from Trog
 25558 | Orc:4    | Entered Level 4 of the Orcish Mines
 25598 | Orc:4    | Received a gift from Trog
 25674 | Orc:4    | Found a staircase to the Elven Halls.
 25707 | Orc:4    | Received a gift from Trog
 25722 | Orc:4    | Reached skill level 16 in Dodging
 25737 | Orc:4    | Found Naleur's Jewellery Shop.
 25740 | Orc:4    | Found Stoud's Armour Shop.
 25758 | Orc:4    | Paralysed by an ogre mage for 7 turns
 25803 | Orc:4    | Found Fician's Distillery.
 26015 | Orc:4    | Found Brual's Armour Boutique.
 26101 | Orc:4    | Reached XP level 16. HP: 78/108 MP: 16/16
 26108 | Orc:4    | Received a gift from Trog
 26341 | Orc:4    | Found a roughly hewn altar of Beogh.
 26877 | Orc:4    | Received a gift from Trog
 27006 | Elf:1    | Entered Level 1 of the Elven Halls
 27027 | Elf:1    | Reached skill level 10 in Stealth
 27097 | Elf:1    | Received a gift from Trog
 27377 | Elf:1    | Received a gift from Trog
 28104 | Elf:2    | Reached skill level 17 in Dodging
 28382 | Elf:2    | Found a runed gate.
 28383 | Elf:2    | Found a runed gate.
 28385 | Elf:2    | Found a runed gate.
 28712 | Elf:2    | Received a gift from Trog
 28964 | Elf:2    | Noticed Asterion
 28973 | Elf:2    | Noticed a spectral weapon
 28978 | Elf:2    | Killed a spectral weapon
 28987 | Elf:2    | Killed Asterion
 28987 | Elf:2    | Reached skill level 1 in Shields
 29048 | Elf:2    | Noticed a deep elf blademaster
 29059 | Elf:2    | Killed a deep elf blademaster
 29150 | Elf:2    | Reached XP level 17. HP: 115/115 MP: 17/17
 29163 | Elf:2    | Reached skill level 5 in Shields
 29258 | Elf:2    | Cast into the Abyss (quick blade of distortion)
 29261 | Abyss:1  | Found a corrupted altar of Lugonu.
 29326 | Abyss:1  | Noticed a hellephant
 29338 | Abyss:1  | Killed a hellephant
 29502 | Abyss:1  | Received a gift from Trog
 29503 | Abyss:1  | Noticed a tentacled starspawn
 29512 | Abyss:1  | Killed a tentacled starspawn
 29589 | Abyss:1  | Noticed a tentacled starspawn
 29605 | Abyss:1  | Killed a tentacled starspawn
 29615 | Abyss:1  | Noticed a bone dragon
 29631 | Abyss:1  | Killed a bone dragon
 29874 | Abyss:1  | Noticed an ancient lich
 29888 | Abyss:1  | Killed an ancient lich
 29907 | Abyss:1  | Gained mutation: Your magical capacity is low (-10% MP). [a neqoxec]
 29909 | Abyss:1  | Gained mutation: Your magical capacity is very low (-20% MP). [a neqoxec]
 29913 | Abyss:1  | Found a bloodstained altar of Trog.
 30247 | Abyss:1  | Gained mutation: You heal slowly when monsters are visible. [a neqoxec]
 30413 | Abyss:1  | Noticed a tentacled starspawn
 30419 | Abyss:1  | Killed a tentacled starspawn
 30419 | Abyss:1  | Reached skill level 18 in Dodging
 30577 | Abyss:1  | Lost intelligence.
 30711 | Abyss:1  | Noticed a lich
 30723 | Abyss:1  | Killed a lich
 30755 | Abyss:1  | Reached XP level 18. HP: 91/110 MP: 14/14
 31342 | Abyss:1  | Gained mutation: Your body is slowly deteriorating. [a neqoxec]
 31450 | Abyss:1  | Received a gift from Trog
 32239 | Abyss:1  | Noticed a bone dragon
 32306 | Abyss:1  | Killed a bone dragon
 32306 | Abyss:1  | Reached skill level 15 in Stealth
 32456 | Abyss:1  | Found an iron altar of Okawaru.
 32468 | Abyss:1  | Reached skill level 19 in Dodging
 32580 | Abyss:1  | Received a gift from Trog
 32580 | Abyss:1  | Paralysed by you for 4 turns
 32731 | Abyss:1  | Paralysed by accursed screaming for 1 turns
 32745 | Abyss:1  | Received a gift from Trog
 32840 | Abyss:1  | Lost intelligence.
 32902 | Abyss:1  | Paralysed by accursed screaming for 1 turns
 33047 | Elf:2    | Escaped the Abyss
 33442 | Orc:4    | Bought a potion of restore abilities for 80 gold pieces
 33442 | Orc:4    | Bought a potion of restore abilities for 80 gold pieces
 33637 | Lair:2   | Lost mutation: Your body is slowly deteriorating. [potion of cure mutation]
 34290 | Elf:2    | Reached XP level 19. HP: 88/117 MP: 14/14
 34344 | Elf:3    | Entered Level 3 of the Elven Halls
 34344 | Elf:3    | Noticed Snorg
 34350 | Elf:3    | Killed Snorg
 34696 | Elf:3    | Found an iron altar of Okawaru.
 34718 | Elf:3    | Received a gift from Trog
 34924 | Elf:3    | Lost mutation: Your magical capacity is very low (-20% MP). [potion of cure mutation]
 34924 | Elf:3    | Lost mutation: Your magical capacity is low (-10% MP). [potion of cure mutation]
 34924 | Elf:3    | Lost mutation: You heal slowly when monsters are visible. [potion of cure mutation]
 35189 | Elf:3    | Received a gift from Trog
 35574 | Swamp:1  | Entered Level 1 of the Swamp
 35603 | Swamp:1  | Noticed Agnes
 35617 | Swamp:1  | Killed Agnes
 37397 | Swamp:3  | Received a gift from Trog
 37853 | Swamp:3  | Reached skill level 20 in Dodging
 38444 | Swamp:4  | Noticed Mara
 38483 | Swamp:4  | Killed Mara
 38620 | Swamp:4  | Got a dazzling chain mail
 38631 | Swamp:4  | Identified the cursed -3 chain mail of Ladders and Snakes {-Cast rPois Str+4 Int+2} (You found it on level 4 of the Swamp)
 38760 | Swamp:4  | Noticed Donald
 38772 | Swamp:4  | Killed Donald
 39027 | Swamp:5  | Entered Level 5 of the Swamp
 39076 | Swamp:5  | Received a gift from Trog
 39411 | Swamp:5  | Reached XP level 20. HP: 131/139 MP: 19/19
 39773 | Swamp:5  | Noticed the 27-headed Lernaean hydra
 40307 | Swamp:5  | Killed the 27-headed Lernaean hydra
 40447 | Swamp:5  | Got a decaying rune of Zot
 41344 | Swamp:5  | Received a gift from Trog
 41878 | Snake:1  | Entered Level 1 of the Snake Pit
 43159 | Snake:2  | Received a gift from Trog
 43236 | Snake:2  | Noticed Nessos
 43241 | Snake:2  | Killed Nessos
 43339 | Snake:2  | Received a gift from Trog
 43354 | Snake:2  | Found Gyim's Jewellery Shop.
 43412 | Snake:2  | Received a gift from Trog
 44527 | Snake:4  | Found Atzo's Weapon Boutique.
 44531 | Snake:4  | Gained mutation: Your magical capacity is low (-10% MP). [the power of Zot]
 44543 | Snake:4  | Received a gift from Trog
 44575 | Snake:4  | Noticed Aizul
 44586 | Snake:4  | Killed Aizul
 44593 | Snake:4  | Reached XP level 21. HP: 81/144 MP: 16/18
 45461 | Snake:4  | Got a bloodstained buckler
 45472 | Snake:4  | Identified the cursed -3 buckler of Xoish {+Blink +Inv rPois rCorr Str-3} (You found it on level 4 of the Snake Pit)
 45643 | Snake:5  | Entered Level 5 of the Snake Pit
 45716 | Snake:5  | Reached skill level 10 in Armour
 46296 | Snake:5  | Received a gift from Trog
 46660 | Snake:5  | Received a gift from Trog
 47036 | Snake:5  | Received a gift from Trog
 47203 | Snake:5  | Got a serpentine rune of Zot
 48479 | D:13     | Noticed Josephine
 48489 | D:13     | Killed Josephine
 48499 | D:13     | Noticed Harold
 48506 | D:13     | Received a gift from Trog
 48511 | D:13     | Noticed Fannar
 48513 | D:13     | Killed Harold
 48528 | D:13     | Killed Fannar
 48673 | D:13     | Got a fine leather armour
 48684 | D:13     | Identified the +3 leather armour of Parts Unknown {rElec Str+5 Dex-5} (You found it on level 13 of the Dungeon)
 48868 | D:13     | Noticed Psyche
 48879 | D:13     | Killed Psyche
 49082 | D:13     | Gained mutation: You are agile. (Dex +2) [potion of beneficial mutation]
 49291 | D:14     | Reached XP level 22. HP: 129/152 MP: 18/18
 49317 | D:14     | Received a gift from Trog
 49505 | D:14     | Received a gift from Trog
 49556 | D:14     | Found a gate to the Vaults.
 49581 | D:14     | Received a gift from Trog
 50053 | Vaults:1 | Entered Level 1 of the Vaults
 50103 | Vaults:1 | Found Eshraowk's Gadget Shop.
 50250 | Vaults:1 | Reached skill level 21 in Dodging
 50700 | Vaults:1 | Received a gift from Trog
 51365 | Vaults:1 | Noticed Nikola
 51374 | Vaults:1 | Killed Nikola
 51784 | Vaults:2 | Received a gift from Trog
 51987 | Vaults:2 | Reached XP level 23. HP: 123/158 MP: 18/18
 52285 | Vaults:2 | Received a gift from Trog
 52488 | Vaults:2 | Paralysed by a sphinx for 6 turns
 52847 | Vaults:2 | Received a gift from Trog
 53608 | Vaults:3 | Found a magical portal.
 53613 | WizLab   | Entered Iskenderun's Mystic Tower
 53698 | WizLab   | Received a gift from Trog
 54901 | WizLab   | Identified Iskenderun's Collected Works on Attacks and Air
 54901 | WizLab   | Identified Iskenderun's Papyrus of Confrontation and Ignition
 54917 | WizLab   | Reached skill level 22 in Dodging
 54921 | WizLab   | Identified the Incunabulum of Enthralling Protection
 55035 | Vaults:3 | Found a staircase to the Crypt.
 55035 | Vaults:3 | Found a basalt altar of Yredelemnul.
 55036 | Vaults:3 | Found an ancient bone altar of Kikubaaqudgha.
 55709 | Vaults:3 | Received a gift from Trog
 56093 | Vaults:3 | Reached skill level 15 in Maces & Flails
 56204 | Vaults:3 | Reached XP level 24. HP: 106/164 MP: 18/18
 56247 | Vaults:3 | Received a gift from Trog
 56536 | Vaults:3 | Received a gift from Trog
 57634 | Temple   | Entered the Ecumenical Temple
 57689 | Temple   | Fell from the grace of Trog
 57689 | Temple   | Became a worshipper of the Shining One
 58099 | Crypt:1  | Entered Level 1 of the Crypt
 58113 | Crypt:1  | Noticed Jory
 58133 | Crypt:1  | Killed Jory
 58522 | Crypt:1  | Acquired the Shining One's first power
 58667 | Crypt:1  | Reached skill level 5 in Invocations
 58690 | Crypt:1  | Acquired the Shining One's second power
 59311 | Crypt:1  | Noticed Wiglaf
 59324 | Crypt:1  | Killed Wiglaf
 59333 | Crypt:1  | Noticed Jorgrun
 59346 | Crypt:1  | Killed Jorgrun
 59354 | Crypt:1  | Killed the ghostly Jorgrun
 60391 | Crypt:2  | Acquired the Shining One's third power
 61061 | Crypt:2  | Acquired the Shining One's fourth power
 61318 | Crypt:3  | Entered Level 3 of the Crypt
 61557 | Crypt:3  | Reached skill level 10 in Invocations
 62368 | Crypt:3  | Reached XP level 25. HP: 167/171 MP: 32/32
 62378 | Crypt:3  | Noticed an ancient lich
 62379 | Crypt:3  | Found a basalt altar of Yredelemnul.
 62384 | Crypt:3  | Killed an ancient lich
 62438 | Crypt:3  | Identified Khufu's Grimoire of Sinister Secrets
 63207 | Crypt:3  | Found a staircase to the Tomb.
 63879 | Temple   | Identified a +9 sacred scourge of holy wrath (a +9 demon whip of electrocution blessed by the Shining One)
 64302 | D:15     | Entered Level 15 of the Dungeon
 64635 | D:15     | Found a stormy altar of Qazlal.
 64889 | D:15     | Found a staircase to the Depths.
 65537 | Elf:3    | Reached skill level 15 in Armour
 65738 | Elf:3    | Got a scintillating pewter ring
 66210 | Elf:3    | Gained mutation: You are resistant to electric shocks. [potion of beneficial mutation]
 66214 | Elf:3    | Identified the Guide on Malediction (You found it on level 3 of the Elven Halls)
 66233 | Elf:3    | Identified the ring "Klungumn" {rElec MR+ MP+9 Str-2 SInv} (You found it on level 3 of the Elven Halls)
 67177 | Vaults:4 | Cast into the Abyss (orc priest)
 67178 | Abyss:1  | Noticed a bone dragon
 67179 | Abyss:1  | Noticed a bone dragon
 67186 | Abyss:1  | Killed a bone dragon
 67188 | Abyss:1  | Killed a bone dragon
 67527 | Abyss:1  | Was forgiven by Trog
 67846 | Abyss:1  | Reached skill level 10 in Crossbows
 67993 | Abyss:1  | Reached XP level 26. HP: 177/177 MP: 33/33
 68843 | Abyss:1  | Paralysed by a great orb of eyes for 3 turns
 69020 | Vaults:4 | Escaped the Abyss
 69943 | Vaults:4 | Got a pair of distressingly furry gloves
 69954 | Vaults:4 | Identified the cursed -2 pair of gloves of the Enchanted Forest {rN+ Regen+ Dex+3} (You found it on level 4 of the Vaults)
 70304 | Vaults:4 | Reached skill level 23 in Dodging
 70914 | Vaults:5 | Entered Level 5 of the Vaults
 71410 | Vaults:5 | Paralysed by a sphinx for 2 turns
 71436 | Vaults:5 | Got a steaming glass ring
 71441 | Vaults:5 | Identified the Almanac of Battle Magic and Cold
 72025 | Vaults:5 | Reached XP level 27. HP: 184/184 MP: 33/33
 72220 | Vaults:5 | Got a silver rune of Zot
 72288 | Vaults:5 | Found Iffa Riu's Antique Armour Emporium.
 72424 | Vaults:5 | Bought a polished helmet for 342 gold pieces
 72424 | Vaults:5 | Bought a shiny buckler for 162 gold pieces
 72439 | Vaults:5 | Identified the +2 helmet of Quantum Leap {+Blink rF+ rN+ rCorr Dex-3} (You bought it in a shop on level 5 of the Vaults)
 72481 | Vaults:5 | Identified the ring "Trusted Companion" {rF+ rN+ Stlth+} (You found it on level 5 of the Vaults)
 73346 | Vaults:5 | Got a warped hand axe
 73347 | Vaults:5 | Identified the +9 hand axe of the Twelve Suns {chop, rF+ rN+ Str-3 SInv Stlth+} (You took it off an ironbrand convoker on level 5 of the Vaults)
 73809 | Vaults:5 | Found Wasso's Food Boutique.
 73823 | Vaults:5 | Cast into the Abyss (a deep elf demonologist)
 74192 | Abyss:1  | Found a corrupted altar of Lugonu.
 74214 | Vaults:5 | Escaped the Abyss
 74444 | Vaults:5 | Got a tattered robe
 74455 | Vaults:5 | Identified the +1 robe of Sorcery {Regen+} (You took it off a deep elf sorcerer on level 5 of the Vaults)
 74515 | Vaults:5 | Got a dazzling long sword
 74516 | Vaults:5 | Identified the +2 long sword "Tocvett" {antimagic, Int+3} (You found it on level 5 of the Vaults)
 74789 | Depths:1 | Entered Level 1 of the Depths
 74830 | Depths:1 | Noticed Saint Roka
 74857 | Depths:1 | Killed Saint Roka
 75284 | Depths:1 | Noticed the Enchantress
 75334 | Depths:1 | Killed the Enchantress
 75411 | Depths:1 | Found a basalt altar of Yredelemnul.
 75441 | Depths:1 | Reached skill level 24 in Dodging
 75552 | Depths:1 | Paralysed by a great orb of eyes for 6 turns
 76029 | Depths:1 | Found a gateway to Hell.
 76280 | Depths:2 | Found a gateway to a ziggurat.
 76527 | Depths:2 | Found Routiax's Antique Weapon Boutique.
 76616 | Depths:2 | Found a flickering gateway to a bazaar.
 76623 | Depths:2 | Found Fyl Phur's General Store.
 76631 | Depths:2 | Bought a scroll of acquirement for 728 gold pieces
 76699 | Bazaar   | Entered a bazaar
 76699 | Bazaar   | Found Fianoemn's Antique Weapon Emporium.
 76704 | Bazaar   | Found Gheatzutt's Weapon Boutique.
 76709 | Bazaar   | Found Sucvu's Book Emporium.
 76719 | Bazaar   | Found Naleur's Food Emporium.
 76735 | Bazaar   | Found Stuuqaq's Weapon Emporium.
 76777 | Bazaar   | Bought a meat ration for 50 gold pieces
 76777 | Bazaar   | Bought a meat ration for 50 gold pieces
 76777 | Bazaar   | Bought a royal jelly for 20 gold pieces
 76777 | Bazaar   | Bought a meat ration for 50 gold pieces
 76777 | Bazaar   | Bought a beef jerky for 15 gold pieces
 76777 | Bazaar   | Bought a meat ration for 50 gold pieces
 77059 | Depths:2 | Found a roughly hewn altar of Beogh.
 77296 | Depths:2 | Found Gutsuq's Assorted Antiques.
 77303 | Depths:2 | Bought a faintly glowing scale mail for 396 gold pieces
 77349 | Depths:2 | Found Sausuor's Book Shoppe.
 77407 | Depths:2 | Found a one-way gate to the infinite horrors of the Abyss.
 77497 | Depths:2 | Identified the +6 scale mail "Qefina" {rPois Dex-5 Slay+2 SInv} (You bought it in a shop on level 2 of the Depths)
 78042 | Orc:4    | Bought a potion of magic for 128 gold pieces
 78042 | Orc:4    | Bought a potion of magic for 128 gold pieces
 78354 | Depths:3 | Reached skill level 1 in Evocations
 78475 | Depths:3 | Found a one-way gate leading to the halls of Pandemonium.
 78875 | Depths:3 | Reached skill level 5 in Evocations
 80082 | Depths:4 | Noticed Sojobo
 80103 | Depths:4 | Killed Sojobo
 80751 | Depths:5 | Entered Level 5 of the Depths
 81117 | Depths:5 | Reached skill level 25 in Dodging
 81651 | Depths:5 | Found a portal to a secret trove of treasure.
 81805 | Depths:5 | Found a gate to the Realm of Zot.
 82258 | Orc:4    | Bought a cursed -3 ring of evasion for 36 gold pieces
 82258 | Orc:4    | Bought an uncursed ring of poison resistance for 360 gold pieces
 82652 | Depths:5 | You paid a toll of a wand of hasting (9) to enter a treasure trove
 82653 | Trove    | Entered a treasure trove
 82669 | Trove    | Got a jewelled chain mail
 82682 | Trove    | Identified the +9 chain mail of Absence {Dex+4} (You found it in a treasure trove)
 82704 | Trove    | Got a polished falchion
 82705 | Trove    | Identified the +5 falchion of Igiluimi {freeze, Str-4 Int+7 Dex+3} (You found it in a treasure trove)
 83186 | D:10     | Bought a jasper-encrusted plate armour for 924 gold pieces
 83198 | D:10     | Identified the cursed -5 plate armour "Freabuuk" {rPois rF+} (You bought it in a shop on level 10 of the Dungeon)
 83303 | Orc:1    | Bought a scroll of teleportation for 42 gold pieces
 83303 | Orc:1    | Bought a royal jelly for 28 gold pieces
 83603 | Slime:1  | Entered Level 1 of the Pits of Slime
 84319 | Slime:3  | Gained mutation: You are weak. (Str -2) [a shining eye]
 84933 | Slime:4  | Found a viscous altar of Jiyva.
 84949 | Slime:4  | Noticed Dissolution
 84966 | Slime:4  | Killed Dissolution
 85157 | Slime:5  | Paralysed by a great orb of eyes for 3 turns
 85345 | Slime:5  | Gained mutation: You are dopey. (Int -2) [a shining eye]
 85740 | Slime:5  | Reached skill level 10 in Evocations
 86087 | Slime:6  | Entered Level 6 of the Pits of Slime
 86139 | Slime:6  | Noticed the royal jelly
 86145 | Slime:6  | Killed the royal jelly
 86708 | Slime:6  | Got a slimy rune of Zot
 86780 | Slime:6  | Got a steaming robe
 86791 | Slime:6  | Identified the cursed -3 robe "Wer Line" {Slay+3 SInv} (You found it on level 6 of the Pits of Slime)
 86831 | Slime:6  | Lost mutation: Your magical capacity is low (-10% MP). [potion of cure mutation]
 86831 | Slime:6  | Lost mutation: You are dopey. (Int -2) [potion of cure mutation]
 86831 | Slime:6  | Lost mutation: You are weak. (Str -2) [potion of cure mutation]
 86831 | Slime:6  | Lost mutation: You are agile. (Dex +2) [potion of cure mutation]
 86832 | Slime:6  | Gained mutation: Your mind is acute. (Int +2) [potion of beneficial mutation]
 87857 | Depths:2 | Voluntarily entered the Abyss.
 87903 | Abyss:2  | Found a burning altar of Makhleb.
 88183 | Abyss:2  | Found a deep blue altar of Sif Muna.
 88231 | Abyss:2  | Found a deep blue altar of Sif Muna.
 88349 | Abyss:2  | Found a corrupted altar of Lugonu.
 88538 | Abyss:2  | Found a corrupted altar of Lugonu.
 88604 | Abyss:2  | Found a burning altar of Makhleb.
 88642 | Abyss:2  | Found a corrupted altar of Lugonu.
 89019 | Abyss:2  | Got a spiked ring mail
 89461 | Abyss:2  | Reached skill level 26 in Dodging
 90143 | Abyss:5  | Entered Level 5 of the Abyss
 90564 | Abyss:5  | Found a deep blue altar of Sif Muna.
 90579 | Abyss:5  | Paralysed by you for 6 turns
 91073 | Abyss:5  | Found a sacrificial altar of Ru.
 92118 | Abyss:5  | Got a shimmering robe
 92121 | Abyss:5  | Paralysed by accursed screaming for 1 turns
 92434 | Abyss:5  | Reached skill level 27 in Dodging
 92595 | Abyss:5  | Found a corrupted altar of Lugonu.
 92645 | Abyss:5  | Paralysed by accursed screaming for 1 turns
 92671 | Abyss:5  | Lost intelligence.
 92706 | Abyss:5  | Paralysed by accursed screaming for 1 turns
 92710 | Abyss:5  | HP: 9/194 [smoke demon/divine providence (13)]
 92715 | Abyss:5  | HP: 8/194 [poisoned by a green draconian (poison gas)]
 92716 | Abyss:5  | Succumbed to a green draconian's poison gas

Action                   |  1- 3 |  4- 6 |  7- 9 | 10-12 | 13-15 | 16-18 | 19-21 | 22-24 | 25-27 || total
-------------------------+-------+-------+-------+-------+-------+-------+-------+-------+-------++-------
Melee: Mace              |    58 |   138 |   358 |    14 |       |       |       |       |       ||   568
       Flail             |       |       |       |   288 |       |       |       |       |       ||   288
       Demon whip        |       |       |       |   303 |  1320 |  1199 |  1598 |  1306 |       ||  5726
       Morningstar       |       |       |       |       |       |       |       |   630 |   217 ||   847
       Sacred scourge    |       |       |       |       |       |       |       |       |  4696 ||  4696
 Fire: Hand crossbow     |       |       |       |     2 |       |       |   119 |     3 |    40 ||   164
Throw: Stone             |       |       |     1 |     1 |       |       |       |       |       ||     2
       Tomahawk          |       |       |       |     2 |       |       |       |       |       ||     2
Invok: Berserk           |     2 |     7 |     9 |    19 |     9 |    20 |     8 |     9 |       ||    83
       Brothers in Arms  |       |       |     1 |     2 |       |     3 |     3 |     1 |       ||    10
       Burn Spellbooks   |       |       |       |     3 |     4 |     8 |     3 |     5 |       ||    23
       Trog's Hand       |       |       |       |       |       |    16 |       |       |       ||    16
       Summon Divine War |       |       |       |       |       |       |       |     1 |     8 ||     9
       Divine Shield     |       |       |       |       |       |       |       |       |     1 ||     1
Evoke: Wand              |       |     1 |     3 |     1 |     1 |       |     1 |       |     8 ||    15
       Deck              |       |       |       |       |       |       |       |       |     1 ||     1
  Use: Potion            |     1 |       |     2 |       |     2 |     9 |     6 |     3 |    21 ||    44
       Scroll            |       |       |     9 |    17 |    17 |     8 |    12 |     9 |    29 ||   101
 Stab: Distracted        |     1 |       |       |       |     2 |     2 |     8 |     5 |    12 ||    30
       Sleeping          |       |       |     3 |     7 |    13 |       |     4 |    11 |     2 ||    40
       Paralysed         |       |       |       |     1 |       |       |       |       |       ||     1
       Fleeing           |       |       |       |       |     1 |       |       |       |       ||     1
       Petrifying        |       |       |       |       |       |       |       |       |     2 ||     2
  Eat: Chunk             |     8 |    11 |    18 |    35 |    49 |    15 |    33 |    53 |    76 ||   298
       Meat ration       |       |       |     1 |     1 |       |     5 |     2 |     1 |     3 ||    13
       Beef jerky        |       |       |       |     1 |       |     1 |     1 |       |       ||     3
       Pizza             |       |       |       |       |       |       |     2 |       |       ||     2
